 Dungeon Crawl Stone Soup version 0.19.1-1-g22dce08 (webtiles) character file.

118726 Iskender the Severer (level 16, -33/134 HPs)
             Began as a Minotaur Wanderer on Dec 29, 2016.
             Was the Champion of Cheibriados.
             Killed from afar by a titan (58 damage)
             ... with a bolt of lightning
             ... on level 1 of the Shoals.
             The game lasted 02:26:24 (20659 turns).

Iskender the Severer (Minotaur Wanderer)           Turns: 20659, Time: 02:26:26

Health: -33/134    AC: 28    Str: 41    XL:     16   Next: 26%
Magic:  22/22      EV: 21    Int: 27    God:    Cheibriados [******]
Gold:   1655       SH:  0    Dex: 29    Spells: 2 memorised, 13 levels left

rFire  . . .     SeeInvis +     a - +3 battleaxe
rCold  . . .     Gourm    .     B - +7 chain mail "Uvvuuf" {MR+ Str+5 Dex-5}
rNeg   . . .     Faith    .     (shield currently unavailable)
rPois  .         Spirit   .     (helmet restricted)
rElec  .         Reflect  .     h - +5 cloak "Misoifeg" {Str+4 Int+5 Dex-2}
rCorr  .         Harm     .     G - +0 pair of gloves
MR     ++...     Rnd*Rage +     E - +2 pair of boots
Stlth  +++.......               H - amulet of regeneration
                                Q - +3 ring of slaying
                                s - ring of see invisible

@: very slow
A: retaliatory headbutt, horns 2, agile 1, berserk 1, evolution 1
a: Bend Time, Temporal Distortion, Slouch, Step From Time, Renounce Religion


You were on level 1 of the Shoals.
You worshipped Cheibriados.
Cheibriados was exalted by your worship.
You were hungry.

You visited 5 branches of the dungeon, and saw 25 of its levels.
You also visited: Sewer and Bailey.

You collected 2674 gold pieces.
You spent 1019 gold pieces at shops.

Inventory:

Hand Weapons
 a - a +3 battleaxe (weapon)
 b - a +0 longbow
 A - a +2 antimagic war axe
 C - a +0 mace of crushing
 T - a +1 broad axe of electrocution
Missiles
 k - 665 arrows
 m - 3 throwing nets (quivered) {!f}
Armour
 h - the +5 cloak "Misoifeg" (worn) {Str+4 Int+5 Dex-2}
   (You bought it in a shop on level 2 of the Orcish Mines)

   It affects your strength (+4).
   It affects your intelligence (+5).
   It affects your dexterity (-2).
 z - a +2 scale mail of fire resistance
 B - the +7 chain mail "Uvvuuf" (worn) {MR+ Str+5 Dex-5}
   (You found it on level 9 of the Dungeon)

   It affects your strength (+5).
   It affects your dexterity (-5).
   It affects your resistance to hostile enchantments.
 E - a +2 pair of boots (worn)
 G - a +0 pair of gloves (worn)
 J - a +3 scale mail of cold resistance
 K - a +0 ring mail of poison resistance
Magical Staves
 f - an uncursed staff of poison
Jewellery
 c - an uncursed ring of flight
 q - a +3 ring of protection
 s - a ring of see invisible (left hand)
 H - an amulet of regeneration (around neck)
 I - an uncursed ring of fire
 Q - a +3 ring of slaying (right hand)
Wands
 j - a wand of iceblast (5/15)
 t - a wand of disintegration (5/24)
 W - a wand of paralysis (7/24)
Scrolls
 e - 4 scrolls of blinking
 g - a scroll of torment
 r - a scroll of enchant weapon
 v - 5 scrolls of remove curse
 w - 2 scrolls of enchant armour
 y - 2 scrolls of recharging
 D - 14 scrolls of teleportation
 F - 3 scrolls of identify
 O - 3 scrolls of fog
 P - 3 scrolls of fear
 Y - 4 scrolls of magic mapping
Potions
 d - 10 potions of curing
 l - 5 potions of heal wounds
 n - a potion of invisibility
 p - 2 potions of flight
 x - 3 potions of agility
 L - 2 potions of cancellation
 M - 5 potions of might
 S - a potion of resistance
Miscellaneous
 R - a phial of floods
Comestibles
 o - 4 bread rations
 u - 10 slices of pizza


   Skills:
 - Level 9.8 Fighting
 - Level 20.0 Axes
 - Level 11.4 Bows
   Level 1.1 Crossbows
 - Level 7.1 Armour
 + Level 10.8 Dodging
 - Level 14.1 Stealth
   Level 1.2 Shields
 - Level 1.0 Translocations
   Level 1.3 Fire Magic
 - Level 10.5 Invocations


You had 13 spell levels left.
You knew the following spells:

 Your Spells              Type           Power        Failure   Level  Hunger
A - Apportation           Tloc           #.........   24%         1    ##.....
Z - Summon Small Mammal   Summ           #...         34%         1    ##.....


Dungeon Overview and Level Annotations

Branches:
Dungeon (15/15)            Temple (1/1) D:6            Lair (6/6) D:11
 Shoals (1/4) Lair:3        Snake (0/4) Lair:4        Slime (0/5) Lair:6
    Orc (2/2) D:9             Elf (0/3) Orc:2        Vaults (0/5) D:14
 Depths (0/5) D:15

Altars:
Ashenzari
Cheibriados
Dithmenos
Elyvilon
Fedhas
Gozag
Hepliaklqana
Kikubaaqudgha
Makhleb
Nemelex Xobeh
Okawaru
Qazlal
Ru
Sif Muna
Trog
Uskayaw
Vehumet
Xom
Yredelemnul
Zin
The Shining One
Beogh

Shops:
D:5 =   D:9 }   D:14 !   Orc:2 :*?[%([

Annotations:
D:4 Satou's ghost, amateur DrBe
D:14 Josephine
Shoals:1 exclusion: Roxanne, Roxanne


Innate Abilities, Weirdness & Mutations

You reflexively headbutt those who attack you in melee.
You have a pair of horns on your head.
You are agile. (Dex +2)
You tend to lose your temper in combat.
You evolve.


Message History

The bolt of lightning hits you! The titan hits you!
You slice the titan!!
You headbutt the titan, but do no damage.
The titan is moderately wounded.
The titan points at you and mumbles some strange words.
The bolt of lightning hits you! x2
You slice the titan!! You headbutt the titan.
The titan is heavily wounded.
You slash the titan!
The titan is severely wounded.
The titan gestures wildly while chanting.
The titan is healed somewhat.
You slice the titan!! You headbutt the titan!
The titan is severely wounded.
The titan casts a spell at you. The bolt of lightning hits you!
* * * LOW HITPOINT WARNING * * *
The bolt of lightning hits you!
You die...

≈..........)......# ...
............))....#.....
.......................≈.
#.......##'##.###.....≈≈≈
#...≈.####.#######.≈≈≈≈≈≈
#..≈#####≈(####8###≈≈≈≈≈≈
...###≈.≈(###≈≈..##.≈.###
..###....###......#####
≈≈##.†(8###≈..#.@.#
≈≈###(.###...###C##
≈≈≈##≈.(....## #..
≈≈≈≈###.≈.### ...#
≈≈≈≈####### ..≈# ≈≈≈..#
#### ...≈# ≈≈≈.# 8...
..≈## ≈≈.# =..... ..≈##
<..# #%?.....


You could see a titan.

Vanquished Creatures
  Frances (D:12)
  A frost giant (Shoals:1)
  The ghost of eXcel the Markscentaur, a journeyman CeHu of Okawaru (D:14)
  Snorg (D:11)
  The ghost of Azzok the Geomancer, a journeyman GrEE of Vehumet (Lair:3)
  A merfolk impaler (Shoals:1)
  4 vault guards (D:14)
  A yaktaur captain (D:15)
  Erolcha (D:10)
  10 hydras
  4 catoblepae
  5 centaur warriors
  3 death knights
  17 death yaks
  6 orc high priests (Orc:2)
  3 ogre magi
  7 skeletal warriors
  2 sea snakes
  4 unseen horrors
  3 wizards
  An orc knight (Bailey)
  2 phantasmal warriors (D:13)
  9 hill giants
  A harpy (Shoals:1)
  4 cyclopes
  2 orc sorcerers
  3 ugly things
  5 deep elf magi (D:12)
  A manticore (D:15)
  7 elephants
  A water nymph (Shoals:1)
  A gargoyle (D:13)
  8 black mambas
  13 spiny frogs
  2 efreet
  A kobold demonologist (D:6)
  2 freezing wraiths (D:14)
  A yaktaur (D:15)
  4 rime drakes
  7 komodo dragons
  3 tengu conjurers
  9 trolls
  3 meliai (D:12)
  A wolf spider simulacrum (D:14)
  A hornet (D:13)
  13 blink frogs
  3 merfolk (Shoals:1)
  3 polar bears
  2 two-headed ogres
  13 hippogriffs
  7 slime creatures
  17 dream sheep
  A shadow (D:11)
  A meliai zombie (D:12)
  7 wraiths
  A water elemental (Shoals:1)
  A spriggan (Lair:2)
  3 wyverns
  A vampire (D:11)
  48 yaks
  A golden eye (shapeshifter) (D:15)
  4 basilisks
  3 vampire mosquitoes (D:13)
  5 hungry ghosts
  12 wargs
  Edmund (D:6)
  2 mottled dragons
  8 water moccasins
  Duvessa (D:7)
  12 porcupines
  An eye of draining (shapeshifter) (D:14)
  4 ice beasts
  5 sky beasts
  2 black bears
  18 orc warriors
  Purgy (Sewer)
  A necrophage (D:14)
  2 phantoms
  2 eyes of draining
  16 ogres
  15 wolves
  19 centaurs
  A boggart (D:6)
  13 crocodiles
  6 big kobolds
  11 bullfrogs
  Dowan (D:7)
  3 scorpions
  7 killer bees
  An electric eel (Orc:1)
  2 howler monkeys (D:9)
  10 crimson imps
  2 centaur zombies
  A quasit (D:12)
  A bullfrog zombie (D:11)
  A hound (D:6)
  2 centaur skeletons
  13 jellies
  29 orc wizards
  39 orc priests
  3 iguanas
  Natasha (thrice) (D:3)
  14 worker ants
  2 hound skeletons (D:7)
  4 worker ant zombies
  13 adders
  A gnoll (Bailey)
  A howler monkey skeleton (D:6)
  2 shadow imps
  2 oozes (Lair:6)
  An adder skeleton (D:8)
  An adder zombie (D:5)
  6 worms
  4 dart slugs
  6 leopard geckos
  119 orcs
  3 ball pythons
  7 giant cockroaches
  7 goblins
  6 hobgoblins
  7 jackals
  7 quokkas
  5 bats
  10 frilled lizards
  26 kobolds
  2 leopard gecko skeletons
  A leopard gecko zombie (D:5)
  A quokka skeleton (D:9)
  7 rats
  A fungus (Lair:3)
  3 plants
842 creatures vanquished.

Vanquished Creatures (collateral kills)
  2 hydras
2 creatures vanquished.

Vanquished Creatures (others)
  23 fungi
  22 plants
45 creatures vanquished.

Grand Total: 889 creatures vanquished

Notes
Turn   | Place    | Note
-------+----------+-------------------------------------------
     0 | D:1      | Iskender the Minotaur Wanderer began the quest for the Orb.
     0 | D:1      | Iskender set off with: a +2 dagger, a scroll of blinking, a +0 ring mail, a potion of curing, a bread ration
     0 | D:1      | Reached XP level 1. HP: 16/16 MP: 0/0
     2 | D:1      | Noticed a formicid
     2 | D:1      | Noticed a vine stalker
     4 | D:1      | Noticed a gargoyle
     4 | D:1      | Noticed an ogre
     6 | D:1      | Noticed a minotaur
     6 | D:1      | Noticed a naga
     8 | D:1      | Noticed a halfling
    10 | D:1      | Noticed a human
    12 | D:1      | Noticed a centaur
    12 | D:1      | Noticed a vampire
    14 | D:1      | Noticed a demigod
    16 | D:1      | Noticed a merfolk
    16 | D:1      | Noticed a spriggan
    18 | D:1      | Noticed a tengu
    20 | D:1      | Noticed a draconian
    20 | D:1      | Noticed a demonspawn
    22 | D:1      | Noticed a dwarf
    22 | D:1      | Noticed a felid
    25 | D:1      | Noticed an elf
    25 | D:1      | Noticed a ghoul
    27 | D:1      | Noticed an octopode
    27 | D:1      | Noticed a troll
   255 | D:1      | Reached XP level 2. HP: 25/25 MP: 1/1
   550 | D:2      | Reached XP level 3. HP: 31/31 MP: 2/2
  1043 | D:2      | Reached skill level 1 in Dodging
  1218 | D:3      | Found a blossoming altar of Fedhas.
  1330 | D:3      | Noticed Natasha
  1336 | D:3      | Killed Natasha
  1336 | D:3      | Reached XP level 4. HP: 20/40 MP: 3/3
  1339 | D:3      | Found a glowing golden altar of the Shining One.
  1591 | D:3      | Found an iron altar of Okawaru.
  1722 | D:3      | Noticed Natasha
  1729 | D:3      | Killed Natasha
  1729 | D:3      | Reached XP level 5. HP: 38/46 MP: 4/4
  1839 | D:3      | Found a glowing silver altar of Zin.
  1840 | D:3      | Found a basalt altar of Yredelemnul.
  1847 | D:3      | Noticed Natasha
  1856 | D:3      | Killed Natasha
  1954 | D:4      | Found a deep blue altar of Sif Muna.
  2288 | D:4      | Noticed an ogre
  2387 | D:4      | Noticed a phantom
  2464 | D:4      | Killed a phantom
  2464 | D:4      | Reached XP level 6. HP: 44/52 MP: 5/5
  2998 | D:4      | Reached skill level 1 in Axes
  3065 | D:4      | Reached skill level 2 in Axes
  3155 | D:4      | Noticed Satou's ghost (amateur DrBe)
  3178 | D:5      | Entered Level 5 of the Dungeon
  3200 | D:5      | Reached skill level 3 in Axes
  3263 | D:5      | Found Weyl's Jewellery Emporium.
  3319 | D:5      | Found a burning altar of Makhleb.
  3320 | D:5      | Found a hide-covered altar of Uskayaw.
  3369 | D:5      | Reached XP level 7. HP: 56/59 MP: 6/6
  3396 | D:5      | Reached skill level 4 in Axes
  3406 | D:5      | Reached skill level 5 in Axes
  3473 | D:5      | Reached skill level 6 in Axes
  3527 | D:5      | Found a glowing drain.
  3552 | Sewer    | Entered a sewer
  3674 | Sewer    | Noticed Purgy
  3938 | Sewer    | Killed Purgy
  3938 | Sewer    | Reached skill level 7 in Axes
  4105 | D:5      | Reached XP level 8. HP: 60/66 MP: 7/7
  4487 | D:6      | Reached skill level 8 in Axes
  4497 | D:6      | Gained mutation: You evolve. [potion of beneficial mutation]
  4537 | D:6      | Found a staircase to the Ecumenical Temple.
  4546 | Temple   | Entered the Ecumenical Temple
  4639 | Temple   | Became a worshipper of Cheibriados the Contemplative
  4734 | Temple   | Gained mutation: You expend magic power (3 MP) to strengthen your wands. [evolution]
  5065 | D:6      | Noticed Edmund
  5090 | D:6      | Killed Edmund
  5291 | D:6      | Reached skill level 5 in Stealth
  5348 | D:6      | Reached * piety under Cheibriados
  5360 | D:6      | Found a hide-covered altar of Uskayaw.
  5458 | D:6      | Reached skill level 9 in Axes
  5737 | D:6      | Noticed a hippogriff
  5804 | D:6      | Noticed a kobold demonologist
  5874 | D:7      | Found a shadowy altar of Dithmenos.
  5970 | D:7      | Noticed Duvessa
  6102 | D:7      | Gained mutation: Scrolls take you a little longer to read. [evolution]
  6113 | D:7      | Reached XP level 9. HP: 55/71 MP: 8/8
  6117 | D:7      | Reached skill level 10 in Axes
  6120 | D:7      | Reached ** piety under Cheibriados
  6312 | D:7      | Noticed Dowan
  6324 | D:7      | Killed Duvessa
  6324 | D:7      | Reached skill level 1 in Invocations
  6850 | D:7      | Killed Dowan
  6935 | D:8      | Reached *** piety under Cheibriados
  6935 | D:8      | Reached skill level 11 in Axes
  7078 | D:8      | Noticed a death knight
  7202 | D:8      | Noticed a two-headed hydra
  7644 | D:9      | Found a sacrificial altar of Ru.
  7704 | D:9      | Found a flagged portal.
  7714 | Bailey   | Entered a bailey
  7822 | Bailey   | Reached **** piety under Cheibriados
  7848 | Bailey   | Noticed an orc knight
  7869 | Bailey   | Killed an orc knight
  7869 | Bailey   | Reached XP level 10. HP: 78/78 MP: 2/12
  7900 | Bailey   | Found an iron altar of Okawaru.
  7970 | D:9      | Reached skill level 5 in Invocations
  8072 | D:9      | Found a staircase to the Orcish Mines.
  8178 | D:9      | Found Seocaukh's Gadget Shoppe.
  8304 | D:9      | Got a polished chain mail
  8316 | D:9      | Identified the +7 chain mail "Uvvuuf" {MR+ Str+5 Dex-5} (You found it on level 9 of the Dungeon)
  8368 | D:9      | Lost mutation: Scrolls take you a little longer to read. [evolution]
  8446 | D:9      | Reached ***** piety under Cheibriados
  8457 | D:10     | Entered Level 10 of the Dungeon
  8531 | D:10     | Noticed an unseen horror
  8535 | D:10     | Killed an unseen horror
  8535 | D:10     | Reached skill level 12 in Axes
  8714 | D:10     | Reached skill level 13 in Axes
  8734 | D:10     | Noticed Erolcha
  8743 | D:10     | Killed Erolcha
  8766 | D:10     | Noticed a hill giant
  8767 | D:10     | Noticed a hill giant
  8775 | D:10     | Killed a hill giant
  8775 | D:10     | Reached skill level 14 in Axes
  8788 | D:10     | Killed a hill giant
  8788 | D:10     | Reached XP level 11. HP: 58/84 MP: 14/14
  9022 | D:10     | Reached skill level 5 in Dodging
  9049 | D:10     | Noticed a hill giant
  9055 | D:10     | Killed a hill giant
  9069 | D:10     | Noticed a hill giant
  9075 | D:10     | Killed a hill giant
  9275 | D:11     | Found a staircase to the Lair.
  9301 | D:11     | Noticed Snorg
  9311 | D:11     | Noticed a hill giant
  9525 | D:11     | Noticed a skeletal warrior
  9530 | D:11     | Noticed a skeletal warrior
  9532 | D:11     | Noticed a skeletal warrior
  9532 | D:11     | Noticed a skeletal warrior
  9625 | Lair:1   | Entered Level 1 of the Lair of Beasts
 10543 | Lair:2   | Reached skill level 15 in Axes
 10665 | Lair:2   | Reached XP level 12. HP: 58/91 MP: 16/16
 10877 | Lair:2   | Reached skill level 16 in Axes
 10880 | Lair:2   | Reached skill level 1 in Bows
 10921 | Lair:3   | Noticed Azzok's ghost (journeyman GrEE)
 10934 | Lair:3   | Killed Azzok's ghost
 11126 | Lair:3   | Found a staircase to the Shoals.
 11184 | Lair:3   | Reached skill level 17 in Axes
 11401 | Lair:3   | Reached ****** piety under Cheibriados
 11599 | Lair:4   | Found a staircase to the Snake Pit.
 11756 | Lair:4   | Gained mutation: You are agile. (Dex +2) [evolution]
 11978 | Lair:4   | Reached skill level 18 in Axes
 12425 | D:8      | Killed a death knight
 12433 | D:8      | Got a translucent battleaxe
 12434 | D:8      | Identified the cursed +1 battleaxe of Fatigue {venom, +Rage rElec rF- MP+9} (You found it on level 8 of the Dungeon)
 12511 | D:8      | Killed a two-headed hydra
 12521 | D:8      | Reached XP level 13. HP: 94/96 MP: 17/17
 12745 | D:6      | Reached skill level 10 in Dodging
 12922 | D:11     | Reached skill level 5 in Armour
 13129 | Lair:5   | Gained mutation: You tend to lose your temper in combat. [evolution]
 13292 | Lair:5   | Reached skill level 5 in Bows
 13805 | Lair:6   | Entered Level 6 of the Lair of Beasts
 14090 | Lair:6   | Found a staircase to the Slime Pits.
 14161 | Lair:6   | Reached skill level 10 in Bows
 14209 | Lair:6   | Reached XP level 14. HP: 96/104 MP: 18/18
 14563 | Lair:6   | Reached skill level 5 in Fighting
 15541 | D:11     | Killed Snorg
 15743 | D:11     | Reached skill level 10 in Stealth
 15828 | D:12     | Noticed Frances
 15840 | D:12     | Killed Frances
 16149 | D:12     | Reached XP level 15. HP: 83/126 MP: 19/19
 16611 | D:12     | Identified Roxanne's Grimoire of the Mountains
 16671 | D:12     | Learned a level 1 spell: Apportation
 16673 | D:12     | Learned a level 1 spell: Summon Small Mammal
 17004 | D:13     | Noticed a storm dragon
 17394 | D:14     | Found Zimuim's Distillery.
 17423 | D:14     | Bought a potion of mutation for 35 gold pieces
 17426 | D:14     | Bought a potion of cancellation for 112 gold pieces
 17596 | D:14     | Noticed eXcel's ghost (journeyman CeHu)
 17615 | D:14     | Killed eXcel's ghost
 17617 | D:14     | Noticed Josephine
 17721 | D:14     | Found a gate to the Vaults.
 17730 | D:14     | Reached skill level 10 in Invocations
 18042 | D:15     | Entered Level 15 of the Dungeon
 18321 | D:15     | Reached skill level 19 in Axes
 18586 | D:15     | Found a staircase to the Depths.
 18803 | Orc:1    | Entered Level 1 of the Orcish Mines
 19003 | Orc:1    | Lost mutation: You expend magic power (3 MP) to strengthen your wands. [evolution]
 19318 | Orc:2    | Entered Level 2 of the Orcish Mines
 19325 | Orc:2    | Found Kojeehon's Armour Shoppe.
 19353 | Orc:2    | Reached XP level 16. HP: 134/134 MP: 22/22
 19580 | Orc:2    | Found Etwom's Book Shop.
 19600 | Orc:2    | Found a staircase to the Elven Halls.
 19756 | Orc:2    | Found Arghi's Antique Armour Emporium.
 19761 | Orc:2    | Bought a bloodstained cloak for 180 gold pieces
 19772 | Orc:2    | Identified the +5 cloak "Misoifeg" {Str+4 Int+5 Dex-2} (You bought it in a shop on level 2 of the Orcish Mines)
 19857 | Orc:2    | Found Qotaxube's Magic Scroll Boutique.
 19857 | Orc:2    | Found Kiebagum's General Store.
 19866 | Orc:2    | Bought a scroll of enchant weapon for 90 gold pieces
 19866 | Orc:2    | Bought a scroll of magic mapping for 42 gold pieces
 19866 | Orc:2    | Bought a scroll of enchant armour for 90 gold pieces
 19866 | Orc:2    | Bought a scroll of enchant armour for 90 gold pieces
 19894 | Orc:2    | Found a roughly hewn altar of Beogh.
 19962 | Orc:2    | Found Mattul's Food Shoppe.
 19962 | Orc:2    | Found Wiarimian's Weapon Boutique.
 20197 | Orc:2    | Bought a glowing scale mail for 190 gold pieces
 20208 | Orc:2    | Bought a glowing ring mail for 190 gold pieces
 20472 | Shoals:1 | Entered Level 1 of the Shoals
 20508 | Shoals:1 | Reached skill level 20 in Axes
 20517 | Shoals:1 | Noticed Roxanne
 20632 | Shoals:1 | Noticed a titan
 20659 | Shoals:1 | Killed from afar by a titan

Skill      XL: |  1  2  3  4  5  6  7  8  9 10 11 12 13 14 15 16 |
---------------+-------------------------------------------------+-----
Fighting       | 2 3 4 9 |  9.8
Dodging        | 2 3 4 8 9 10 | 10.8
Stealth        | 3 5 7 11 14 | 14.1
Axes           | 3 7 9 11 14 15 18 19 20 | 20.0
Invocations    | 4 5 7 10 | 10.5
Bows           | 1 10 11 | 11.4
Armour         | 7 |  7.1
Crossbows      | |  1.1
Shields        | |  1.2
Translocations | |  1.0
Fire Magic     | |  1.3

Action                   |  1- 3 |  4- 6 |  7- 9 | 10-12 | 13-15 | 16-18 || total
-------------------------+-------+-------+-------+-------+-------+-------++-------
Melee: Dagger            |    58 |    35 |    20 |       |       |       ||   113
       Headbutt          |    18 |    27 |    84 |   106 |   235 |    42 ||   512
       Long sword        |    51 |    31 |       |       |       |       ||    82
       Whip              |       |    55 |       |       |       |       ||    55
       Hand axe          |       |     8 |   198 |       |       |       ||   206
       War axe           |       |       |   132 |     6 |       |       ||   138
       Broad axe         |       |       |     6 |   332 |   483 |       ||   821
       Mace              |       |       |       |     2 |    38 |       ||    40
       Battleaxe         |       |       |       |       |   117 |   114 ||   231
 Fire: Shortbow          |       |       |       |    16 |    22 |       ||    38
       Longbow           |       |       |       |       |    14 |       ||    14
Throw: Stone             |       |    27 |     1 |       |       |       ||    28
       Tomahawk          |       |     5 |    74 |    18 |     3 |       ||   100
 Cast: Apportation       |       |       |       |       |     2 |     3 ||     5
Invok: Temporal Distorti |       |       |       |     1 |     1 |       ||     2
       Slouch            |       |       |       |     2 |     4 |     4 ||    10
       Bend Time         |       |       |       |       |     1 |       ||     1
Evoke: Wand              |       |       |     4 |       |     5 |     1 ||    10
       Phantom mirror    |       |       |       |     1 |     1 |       ||     2
       Box of beasts     |       |       |       |     1 |       |       ||     1
  Use: Scroll            |       |     5 |    15 |     5 |    10 |       ||    35
       Potion            |       |       |     3 |     3 |       |     1 ||     7
 Stab: Sleeping          |       |       |     4 |       |    15 |     1 ||    20
       Distracted        |       |       |     2 |     1 |     2 |     1 ||     6
  Eat: Chunk             |     1 |     2 |    11 |     4 |     2 |     2 ||    22
       Bread ration      |       |     1 |       |     1 |       |       ||     2
       Royal jelly       |       |       |     1 |     1 |     1 |       ||     3
       Beef jerky        |       |       |       |     2 |       |       ||     2
       Fruit             |       |       |       |       |    15 |       ||    15
Armor: Ring mail         |    44 |    27 |    21 |     7 |       |       ||    99
       Leather armour    |       |     9 |    62 |       |       |       ||    71
       Chain mail        |       |       |       |   137 |   247 |    33 ||   417
Dodge: Dodged            |    57 |    72 |   253 |   268 |   539 |   101 ||  1290
       Rpst.: Long sword |    13 |     7 |       |       |       |       ||    20
